 Dungeon Crawl Stone Soup version 0.25.0-46-gbd7b0854d2 (webtiles) character file.

Game seed: 14943396646525414305

559 Fascinator the Skirmisher (level 7, 0/56 HPs)
             Began as a Demonspawn Fighter on July 15, 2020.
             Was a Follower of Makhleb.
             Slain by a centaur zombie (4 damage)
             ... on level 5 of the Dungeon.
             The game lasted 00:09:40 (4358 turns).

Fascinator the Skirmisher (Demonspawn Fighter)      Turns: 4358, Time: 00:09:42

Health: 0/56       AC:  7    Str: 18    XL:     7   Next: 9%
Magic:  7/7        EV:  8    Int: 10    God:    Makhleb [*.....]
Gold:   162        SH:  9    Dex: 12    Spells: 6/6 levels left

rFire    . . .     SeeInvis .   a - +0 war axe
rCold    . . .     Gourm    .   c - +0 kite shield
rNeg     . . .     Faith    .   b - +0 scale mail
rPois    .         Spirit   .   (no helmet)
rElec    .         Reflect  .   (no cloak)
rCorr    .         Harm     .   q - +0 pair of gloves
MR       .....                  r - +2 pair of boots
Stlth    +.........             (no amulet)
HPRegen  0.18/turn              (no ring)
MPRegen  0.10/turn              (no ring)

@: lethally poisoned (0 -> -1), corroded
A: claws 1, iridescent scales 2, nightstalker 1, rot immunity
a: Renounce Religion


You were on level 5 of the Dungeon.
You worshipped Makhleb.
Makhleb was aware of your devotion.
You were not hungry.

You visited 1 branch of the dungeon, and saw 5 of its levels.

You collected 162 gold pieces.

Inventory:

Hand Weapons
 a - a +0 war axe (weapon)
Armour
 b - a +0 scale mail (worn)
 c - a +0 kite shield (worn)
 q - a +0 pair of gloves (worn)
 r - a +2 pair of boots (worn)
Jewellery
 i - an uncursed amulet of guardian spirit {unknown}
Scrolls
 e - 4 scrolls of teleportation {unknown}
 j - 2 scrolls of identify {unknown}
 n - 3 scrolls of magic mapping {unknown}
 o - a scroll of fog {unknown}
Potions
 d - 2 potions of might
 h - a potion of heal wounds {unknown}
 k - a potion of curing {unknown}
 l - a potion of berserk rage {unknown}
 m - a potion of mutation {unknown}
Comestibles
 f - 10 rations
 p - 4 chunks of flesh


   Skills:
 * Level 5.5 Fighting
 - Level 1.7 Axes
 + Level 4.4 Armour
 + Level 2.2 Dodging
 - Level 0.3 Stealth
 + Level 4.1 Shields


You had 6 spell levels left.
You didn't know any spells.
Your spell library was empty.

Dungeon Overview and Level Annotations

Branches:
Dungeon (5/15)             Temple (0/1) D:4

Altars:
Dithmenos
Fedhas
Makhleb
Zin


Innate Abilities, Weirdness & Mutations

You have sharp fingernails.
You are mostly covered in iridescent scales. (AC +4)
You are slightly more attuned to the shadows.
You are immune to rotting.


Message History

You closely miss the adder.
The adder is severely wounded.
You hit the centaur zombie but do no damage.
The adder bites you but does no damage.
The centaur zombie hits you but does no damage.
The adder bites you but does no damage. You block the centaur zombie's attack.
Unknown command.
You closely miss the adder.
The adder is heavily wounded.
You hit the centaur zombie but do no damage.
You feel sick. The adder barely misses you.
You block the centaur zombie's attack. The adder bites you but does no damage.
The centaur zombie hits you but does no damage.
You closely miss the adder.
The adder is heavily wounded.
You hit the centaur zombie but do no damage.
You barely miss the phantom. You block the adder's attack.
The centaur zombie barely misses you. You block the phantom's attack.
The adder barely misses you. The centaur zombie hits you.
You die...

#############
#........(..#
#....[...##.###
.#.###............<#
..>..Z@S.......###.#
##.....W.......# #.#
#..##.........# #..
....
#%............## ##.
#..#######..### #
#..# ..# #..#


You could see a phantom, an adder and a centaur zombie.

Vanquished Creatures
  A necrophage (D:3)
  A bullfrog (D:3)
  2 howler monkeys
  A hound (D:3)
  A jelly (D:5)
  An iguana (D:2)
  4 worker ants (D:4)
  5 adders
  3 dart slugs
  3 leopard geckos
  8 orcs
  10 bats
  3 giant cockroaches
  11 goblins
  10 hobgoblins
  4 jackals
  7 kobolds
  3 quokkas
  3 ball pythons
  7 frilled lizards
  A quokka skeleton (D:4)
  10 rats
99 creatures vanquished.

Notes
Turn   | Place    | Note
-------+----------+-------------------------------------------
     0 | D:1      | Fascinator the Demonspawn Fighter began the quest for the
                  | Orb.
     0 | D:1      | Reached XP level 1. HP: 18/18 MP: 1/1
   105 | D:1      | Gained mutation: You are slightly more attuned to the
                  | shadows. [demonic ancestry]
   105 | D:1      | Reached XP level 2. HP: 22/24 MP: 2/2
   500 | D:1      | Gained mutation: You are immune to rotting. [demonic
                  | ancestry]
   500 | D:1      | Reached XP level 3. HP: 29/29 MP: 3/3
  1204 | D:2      | Found a faded altar of an unknown god.
  1233 | D:2      | Found a burning altar of Makhleb.
  1235 | D:2      | Found a glowing silver altar of Zin.
  1235 | D:2      | Noticed an angel
  1235 | D:2      | Noticed a green death
  1238 | D:2      | Became a worshipper of Makhleb the Destroyer
  1284 | D:2      | Reached skill level 1 in Dodging
  1284 | D:2      | Gained mutation: You have sharp fingernails. [demonic
                  | ancestry]
  1284 | D:2      | Reached XP level 4. HP: 6/37 MP: 4/4
  1699 | D:2      | Reached skill level 4 in Fighting
  1852 | D:3      | Found a blossoming altar of Fedhas.
  2005 | D:3      | Noticed a necrophage
  2017 | D:3      | Killed a necrophage
  2017 | D:3      | Reached * piety under Makhleb
  2017 | D:3      | Reached XP level 5. HP: 33/43 MP: 5/5
  2147 | D:3      | Gained mutation: You are partially covered in iridescent
                  | scales. (AC +2) [demonic ancestry]
  2147 | D:3      | Reached XP level 6. HP: 8/50 MP: 6/6
  3534 | D:4      | Reached skill level 5 in Fighting
  3646 | D:4      | Found a staircase to the Ecumenical Temple.
  3791 | D:4      | Found a shadowy altar of Dithmenos.
  4298 | D:5      | Entered Level 5 of the Dungeon
  4344 | D:5      | Gained mutation: You are mostly covered in iridescent
                  | scales. (AC +4) [demonic ancestry]
  4344 | D:5      | Reached XP level 7. HP: 39/56 MP: 7/7
  4358 | D:5      | Slain by a centaur zombie

Illustrated notes

Levels and vault maps discovered:
D:1:      giann_wishing_wells, layout_basic, minmay_strange_pillars,
          minmay_vboxes
D:2:      layout_basic, grunt_temple_overflow_order_and_chaos_2,
          chequers_ecumenical_altar_twisty, chequers_serial_rivers_micro_d
D:3:      layout_basic, fedhas_altar_3, first_ration
D:4:      layout_rooms, lemuel_doored_altar, minmay_temple_entry_ruins
D:5:      layout_loops_ring, serial_shops, nicolae_shop_stone

Skill      XL: |  1  2  3  4  5  6 |
---------------+-------------------+-----
Armour         | 3 4 |  4.4
Shields        | 3 4 |  4.1
Dodging        | 1 2 |  2.2
Fighting       | 4 5 |  5.5
Axes           | |  1.7
Stealth        | |  0.3

Action                   |  1- 3 |  4- 6 |  7- 9 || total
-------------------------+-------+-------+-------++-------
Melee: War axe           |    97 |   251 |    13 ||   361
  Eat: Chunk             |     1 |    11 |       ||    12
Armor: Scale mail        |    39 |   144 |    17 ||   200
Dodge: Dodged            |    39 |   108 |    12 ||   159
Block: Kite shield       |    66 |   152 |    26 ||   244
